 Dungeon Crawl Stone Soup version 0.20.1-1-g8b1a95d (webtiles) character file.

205 homeworkjunkie the Shield-Bearer (level 5, 0/46 HPs)
             Began as a Hill Orc Fighter on Dec 2, 2017.
             Was an Initiate of Okawaru.
             Killed from afar by an orc wizard (6 damage)
             ... with a puff of flame
             ... on level 3 of the Dungeon.
             The game lasted 00:05:46 (1921 turns).

homeworkjunkie the Shield-Bearer (Hill Orc Fighter) Turns: 1921, Time: 00:05:46

Health: 0/46       AC: 11    Str: 20    XL:     5   Next: 83%
Magic:  5/5        EV:  5    Int:  8    God:    Okawaru [......]
Gold:   129        SH:  0    Dex: 10    Spells: 4/4 levels left

rFire    . . .     SeeInvis .   a - +0 war axe
rCold    + . .     Gourm    .   c - +0 shield
rNeg     . . .     Faith    .   d - +0 chain mail
rPois    .         Spirit   .   h - +0 helmet
rElec    .         Reflect  .   (no cloak)
rCorr    .         Harm     .   (no gloves)
MR       .....                  m - +0 pair of boots
Stlth    ..........             (no amulet)
Regen    0.2/turn               q - ring of protection from cold
MPRegen  0.1/turn               (no ring)

@: confused, slowed, very slow
A: no striking features
a: Renounce Religion


You were on level 3 of the Dungeon.
You worshipped Okawaru.
Okawaru was noncommittal.
You were not hungry.

You visited 1 branch of the dungeon, and saw 4 of its levels.

You collected 129 gold pieces.

Inventory:

Hand Weapons
 a - a +0 war axe (weapon)
Armour
 c - a +0 shield (worn)
 d - a +0 chain mail (worn)
 h - a +0 helmet (worn)
 m - a +0 pair of boots (worn)
Jewellery
 q - a ring of protection from cold (left hand)
Scrolls
 b - a scroll of recharging {unknown}
 e - a scroll of enchant armour {unknown}
 j - a scroll of teleportation
 l - 2 scrolls of remove curse {unknown}
 n - 2 scrolls of identify
 o - a scroll of amnesia {unknown}
 p - a scroll of fog {unknown}
Comestibles
 f - 2 bread rations
 i - 4 meat rations
 k - 3 royal jellies


   Skills:
 * Level 4.1 Fighting
 * Level 4.7 Axes
 * Level 4.3 Armour
 + Level 0.4 Dodging
 * Level 4.9 Shields


You had 4 spell levels left.
You didn't know any spells.

Dungeon Overview and Level Annotations

Branches:
Dungeon (4/15)
 Temple: D:4-7

Altars:
Okawaru
Uskayaw

Annotations:
D:3 Lanoc's ghost, weakling DsCK


Message History

You block the orc's attack.
You hit the orc.
The orc is lightly wounded.
You hit the orc wizard.
The orc wizard hits you but does no damage.
You block the orc's attack.
The orc wizard hits you but does no damage.
You block the orc's attack.
You slash the orc!
You kill the orc!
Okawaru accepts your kill.
You hit the orc wizard. You block the orc wizard's attack.
The orc wizard casts a spell at you.
You are confused.
You bump into the rock wall.
The orc wizard points at you and mumbles some strange words.
You are more confused.
The orc wizard gestures at you while chanting.
The puff of flame hits you!
You die...

#..........o...
....
#.###o#.#######
#### #...#.#
#...#.# #...#.#
#.o.#.# #..o#.#
##.##.# #..)@.#
#####o# ###


You could see an orc wizard.

Vanquished Creatures
  An orc priest (D:3)
  Natasha (D:3)
  An orc wizard (D:3)
  3 adders
  An ooze (D:1)
  3 worms
  A dart slug (D:2)
  5 leopard geckos
  9 orcs (D:3)
  2 giant cockroaches (D:2)
  9 goblins
  3 hobgoblins
  11 jackals
  10 bats
  2 frilled lizards
  5 kobolds
  5 rats
72 creatures vanquished.

Notes
Turn   | Place    | Note
-------+----------+-------------------------------------------
     0 | D:1      | homeworkjunkie the Hill Orc Fighter began the quest for the Orb.
     0 | D:1      | Reached XP level 1. HP: 19/19 MP: 1/1
   105 | D:2      | Reached XP level 2. HP: 27/27 MP: 2/2
   130 | D:3      | Reached XP level 3. HP: 26/33 MP: 3/3
   131 | D:3      | Noticed Lanoc's ghost (weakling DsCK)
   342 | D:2      | Found a hide-covered altar of Uskayaw.
   448 | D:3      | Reached XP level 4. HP: 15/40 MP: 4/4
   752 | D:3      | Reached XP level 5. HP: 45/46 MP: 5/5
  1696 | D:4      | Found an iron altar of Okawaru.
  1703 | D:4      | Became a worshipper of Warmaster Okawaru
  1881 | D:3      | Noticed Natasha
  1913 | D:3      | Killed Natasha
  1921 | D:3      | Killed from afar by an orc wizard

Skill      XL: |  1  2  3  4  5 |
---------------+----------------+-----
Axes           | 3 4 |  4.7
Armour         | 4 |  4.3
Shields        | 4 |  4.9
Fighting       | 4 |  4.1
Dodging        | |  0.4

Action                   |  1- 3 |  4- 6 || total
-------------------------+-------+-------++-------
Melee: War axe           |    67 |   151 ||   218
  Use: Scroll            |     1 |     4 ||     5
       Potion            |     1 |     3 ||     4
  Eat: Fruit             |       |     7 ||     7
Armor: Scale mail        |    38 |     4 ||    42
       Chain mail        |       |    98 ||    98
Dodge: Dodged            |    27 |    33 ||    60
Block: Shield            |    54 |    97 ||   151
